 Dungeon Crawl Stone Soup version 0.29.1-1-gd02db6906a (webtiles) character file.

Game seed: 16729572833081419591

16 gzilladon the Chopper (level 2, -2/27 HPs)
             Began as a Hill Orc Monk on Sept 26, 2022.
             Slain by a quokka (4 damage)
             ... on level 2 of the Dungeon.
             The game lasted 00:01:38 (470 turns).

gzilladon the Chopper (Hill Orc Monk)                Turns: 470, Time: 00:01:38

Health: -2/27      AC:  2    Str: 13    XL:     2   Next: 54%
Magic:  2/2        EV: 12    Int: 10    God:
Gold:   60         SH:  0    Dex: 13    Spells: 1/1 levels left

rFire   . . .      SeeInvis .   a - +0 hand axe
rCold   . . .      Faith    .   (no shield)
rNeg    . . .      Spirit   .   b - +0 robe
rPois   .          Reflect  .   (no helmet)
rElec   .          Harm     .   (no cloak)
rCorr   .          Rampage  .   (no gloves)
Will    .....                   (no boots)
Stlth   ++........              (no amulet)
HPRegen 0.09/turn               (no ring)
MPRegen 0.08/turn               (no ring)

@: no status effects
A: no striking features
a: no special abilities


You were on level 2 of the Dungeon.
You visited 1 branch of the dungeon, and saw 3 of its levels.

You collected 60 gold pieces.

Inventory:

Hand Weapons
 a - a +0 hand axe (weapon)
Armour
 b - a +0 robe (worn)
Scrolls
 d - a scroll of fear {unknown}
 e - a scroll of identify {unknown}
 f - a scroll of enchant weapon {unknown}
Potions
 c - a potion of ambrosia
 g - a potion of might {unknown}


   Skills:
 + Level 3.8 Fighting
 * Level 4.6 Axes
 + Level 2.6 Dodging
 - Level 1.5 Stealth


You had one spell level left.
You didn't know any spells.
Your spell library was empty.

Dungeon Overview and Level Annotations

Branches:
Dungeon (3/15)

Altars:


Message History

You barely miss the quokka.
The quokka is almost dead.
The quokka bites you but does no damage.
The quokka bites you. The quokka barely misses you.
The quokka attacks as you move away! The quokka closely misses you.
The quokka closely misses you. The quokka bites you.
There is a stone staircase leading up here.
You can't go down here!
The hound closely misses you. The quokka barely misses you.
The hound closely misses you.
You climb upwards.
There is a stone staircase leading down here.
The hound closely misses you. The quokka bites you.
You climb downwards.
There is a stone staircase leading up here.
The hound bites you.
* * * LOW HITPOINT WARNING * * *
The quokka closely misses you. The hound barely misses you.
You climb upwards.
There is a stone staircase leading down here.
The quokka barely misses you. The hound bites you.
* * * LOW HITPOINT WARNING * * *
You climb downwards.
There is a stone staircase leading up here.
The hound bites you.
* * * LOW HITPOINT WARNING * * *
The quokka closely misses you. The hound barely misses you.
The quokka bites you.
* * * LOW HITPOINT WARNING * * *
You climb upwards.
There is a stone staircase leading down here.
You barely miss the quokka.
The quokka is almost dead.
You closely miss the hound. The hound bites you but does no damage.
The quokka closely misses you.
You barely miss the quokka.
The quokka is almost dead.
You hit the hound. The hound barely misses you. The quokka bites you.
You die...

.## .. #.# ..
#.###
...##...#
#......# ###r#
♣≈~~P..# #..@#
≈≈~.P#.# ###h#
♣PP.#.# #.#
~P..#.# #.#
PP~...######
#.#
##.......###.#
#<.......'...#
#........#####
#........#


You could see a hound and a quokka.

Vanquished Creatures
  4 bats (D:1)
  5 giant cockroaches (D:1)
  A goblin (D:1)
  3 ball pythons (D:1)
  A frilled lizard (D:1)
14 creatures vanquished.

Vanquished Creatures (others)
  5 plants (D:2)
5 creatures vanquished.

Grand Total: 19 creatures vanquished

Notes
Turn   | Place    | Note
-------+----------+-------------------------------------------
     0 | D:1      | gzilladon the Hill Orc Monk began the quest for the Orb.
     0 | D:1      | Reached XP level 1. HP: 19/19 MP: 1/1
    54 | D:1      | Reached XP level 2. HP: 17/27 MP: 2/2
   470 | D:2      | Slain by a quokka

Illustrated notes

Levels and vault maps discovered:
D:1:      amcnicky_arrival_blooded_trapdoor, layout_loops_cross,
          hellmonk_ecumenical_altar_blasted, minmay_worlds_worst_comb
D:2:      layout_basic, serial_bayou_lagoon_a
D:3:      layout_rooms, grunt_temple_overflow_cloverleaf,
          chequers_serial_rivers_room_b

Action                   || total
-------------------------++-------
Melee: Hand axe          ||    33
 Stab: Sleeping          ||     1
Armor: Robe              ||    16
Dodge: Dodged            ||    59
